 Dungeon Crawl Stone Soup version 0.19-a0-687-g35db334 (webtiles) character file.

26560 tes3 the Carver (level 12, -6/105 HPs)
             Began as a Demonspawn Berserker on June 18, 2016.
             Was a High Priest of Trog.
             Mangled by an apocalypse crab (11 damage)
             ... while paralysed by an apocalypse crab
             ... on level 3 of the Abyss.
             The game lasted 00:49:54 (15763 turns).

tes3 the Carver (Demonspawn Berserker)             Turns: 15763, Time: 00:49:55

Health: -6/105     AC: 18    Str: 30    XL:     12   Next: 99%
Magic:  0/22       EV: -1    Int:  9    God:    Trog [*****.]
Gold:   1152       SH:  0    Dex: 16    Spells: 0 memorised, 11 levels left

rFire  . . .     SeeInvis .     C - +12 long sword of Xuuxu {flame, rN+ Str+9 Dex-4}
rCold  + . .     Gourm    .     X - +2 chain mail {rC+}
rNeg   + . .     Faith    .     p - +1 buckler
rPois  +         Spirit   +     (helmet unavailable)
rElec  .         Dismiss  .     o - +1 cloak
rCorr  .         Reflect  +     (no gloves)
SustAt .         Harm     .     z - +1 pair of boots
MR     .....     Clarity  +     P - +5 amulet of reflection
Stlth  ..........               a - ring of poison resistance
                                S - ring of magical power

@: paralysed, about to teleport, constricted, not resistant to hostile
enchantments, extremely unstealthy
A: fangs 1, hooves 2, horns 3, thin skeletal structure 1, agile 2, clarity,
powered by death 1, robust 1, wild magic 1, magic shield, magic regeneration
a: Berserk, Trog's Hand, Brothers in Arms, Burn Spellbooks, Renounce Religion


You were on level 3 of the Abyss.
You worshipped Trog.
Trog was extremely pleased with you.
You were full.

You visited 3 branches of the dungeon, and saw 16 of its levels.
You visited the Abyss 1 time.
You also visited: Labyrinth and Sewer.

You collected 1264 gold pieces.
You spent 112 gold pieces at shops.

Inventory:

Hand Weapons
 C - the +12 long sword of Xuuxu (weapon) {flame, rN+ Str+9 Dex-4}
   (Trog gifted it to you on level 8 of the Dungeon)

   It has been specially enchanted to burn those struck by it, causing extra
   injury to most foes and up to half again as much damage against particularly
   susceptible opponents.
   Big, fiery blades are also staple armaments of hydra-hunters.
   It affects your strength (+9).
   It affects your dexterity (-4).
   It protects you from negative energy.
 E - a +4 falchion of electrocution
 O - a +0 scimitar of flaming
 Y - a +9 scimitar of distortion
Armour
 o - a +1 cloak (worn)
 p - a +1 buckler (worn)
 z - a +1 pair of boots (worn)
 X - a +2 chain mail of cold resistance (worn)
Rods
 G - a +8 rod of shadows (10/10)
   (You took it off a minotaur in a labyrinth)
 U - a +4 rod of shadows (10/10)
   (You found it in a labyrinth)
Jewellery
 a - a ring of poison resistance (right hand)
 v - an uncursed ring of protection from fire
 x - an uncursed amulet of magic regeneration
 y - an uncursed ring of sustain attributes
 P - a +5 amulet of reflection (around neck)
 S - a ring of magical power (left hand)
 T - an uncursed ring of see invisible
Wands
 e - a wand of flame (23/48)
 l - a wand of acid (0/15)
 n - a wand of confusion (21/48)
 s - a wand of slowing (12/48)
 I - a wand of teleportation (4/9)
 J - a wand of lightning (0/15)
 N - a wand of acid (10/15)
 R - a wand of digging (12/24)
 V - a wand of disintegration (12/24)
Scrolls
 k - 5 scrolls of teleportation
 r - a scroll of magic mapping
 t - a scroll of recharging
 A - 2 scrolls of fear
 B - 3 scrolls of vulnerability
 K - 6 scrolls of remove curse
 W - a scroll of blinking
Potions
 b - a potion of agility
 d - a potion of berserk rage
 h - a potion of magic
 i - a potion of invisibility
 j - 4 potions of heal wounds
 q - 7 potions of curing
 u - a potion of ambrosia
 w - 2 potions of cancellation
 D - 4 potions of flight
 L - 2 potions of cure mutation
 Q - a potion of haste
Miscellaneous
 g - a lamp of fire (inert)
Comestibles
 c - 5 bread rations
 m - a meat ration
 H - 9 royal jellies


   Skills:
 + Level 9.6 Fighting
 * Level 13.1 Long Blades
 + Level 10.4 Armour
 + Level 7.0 Dodging
 - Level 0.6 Stealth
 - Level 4.1 Shields
 + Level 1.7 Evocations


You had 11 spell levels left.
You didn't know any spells.

Dungeon Overview and Level Annotations

Branches:
Dungeon (11/15)            Temple (0/1) D:7            Lair (3/6) D:8
 Spider (0/4) Lair:2          Orc (2/2) D:9
  Swamp: Lair:2-4    Shoals: Lair:2-4       Elf: Orc:2

Altars:
Ashenzari
Cheibriados
Elyvilon
Fedhas
Gozag
Ru
Vehumet
Yredelemnul
Zin
The Shining One

Shops:
Orc:1 ?

Annotations:
Lair:1 exclusion: oklob plant


Innate Abilities, Weirdness & Mutations

You have a pair of large horns on your head.
You have a somewhat thin skeletal structure. (Dex +2, Stealth)
You regenerate a little health from kills.
When hurt, damage is shared between your health and your magic reserves.
You regenerate magic rapidly.
You have very sharp teeth.
You have hoof-like feet.
You are very agile. (Dex +4)
You possess an exceptional clarity of mind.
You are robust. (+10% HP)
Your spells are a little harder to cast, but a little more powerful.


Message History

The apocalypse crab claws you.
Tentacles burst from the starspawn's body!
A wretched star and 2 starspawn tentacles come into view.
As you read the scroll of teleportation, it crumbles to dust.
You feel strangely unstable.
You feel the power of the Abyss delaying your translocation!
The apocalypse crab bites you but does no damage.
You block the apocalypse crab's attack. The apocalypse crab bites you.
You suddenly lose the ability to move!
The apocalypse crab claws you.
You are engulfed in flames!
The tentacled starspawn bites you!! The tentacled starspawn engulfs you!
The starspawn tentacle grabs you. The starspawn tentacle constricts you.
The tentacled starspawn bites you!!
* * * LOW HITPOINT WARNING * * *
The tentacled starspawn engulfs you!
* * * LOW HITPOINT WARNING * * *
The apocalypse crab bites you.
* * * LOW HITPOINT WARNING * * *
You are engulfed in flames!
You die...

#. . .#.. # .....
..#x .#...# .....
#. X.* .....
.....
+..X##...... ...S
# . ..... #..#
#####X..#...
#...###.....X...#
. #wtw##.
#.#'##.....
#X@.#.......##
...
#*#t...#..8..#
.#. ...#....##.
.##. #
...##..##..#####
..
#...#.....(.....
..
....#.##..##.##..
#.. #. .... .. ..
## # #... ... .
##.(#.#.


You could see a tentacled starspawn, a wretched star, 2 apocalypse crabs, a
guardian serpent and 2 starspawn tentacles.

Vanquished Creatures
  A minotaur (Lab)
  A fire dragon (D:11)
  A hydra (Lair:1)
  Erolcha (D:8)
  An ogre mage (Orc:2)
  Erica (D:11)
  Sonja (Orc:2)
  An unseen horror (D:11)
  Pikel (D:8)
  The ghost of tstbtto the Cleaver, a novice CeBe of Trog (D:6)
  An ugly thing (D:11)
  An orc sorcerer (Orc:2)
  A cyclops (D:7)
  An elephant (D:8)
  A manticore (D:10)
  A gargoyle (D:11)
  Psyche (D:8)
  A demonic crawler (Abyss:3)
  2 spiny frogs (Lair:1)
  2 rime drakes (Lair:3)
  2 komodo dragons
  2 two-headed ogres
  Prince Ribbit (D:8)
  9 blink frogs
  Sigmund (D:6)
  12 yaks
  A vampire (D:11)
  A water elemental (D:11)
  2 wyverns
  Grum (D:11)
  2 sky beasts
  4 hippogriffs
  A soldier ant (D:8)
  A warg (Orc:1)
  A mottled dragon (D:11)
  19 water moccasins
  An ice beast (D:10)
  11 orc warriors
  2 porcupines
  2 phantoms
  3 wasps
  2 wolves (D:11)
  2 centaurs (D:7)
  14 ogres
  6 crocodiles
  7 giant frogs
  A water moccasin zombie (D:7)
  2 scorpions
  6 killer bees (D:8)
  10 wights
  A howler monkey (D:5)
  2 crimson imps (D:7)
  A jelly (D:7)
  A quasit (D:8)
  A centaur skeleton (D:7)
  6 hounds
  10 orc priests
  A giant frog skeleton (D:11)
  11 iguanas
  5 hell rats (Lair:3)
  14 orc wizards
  15 worker ants
  10 sheep
  2 hound zombies
  2 hound skeletons
  A worker ant zombie (D:8)
  A howler monkey skeleton (D:6)
  6 gnolls
  32 adders
  6 river rats (Lair:2)
  A shadow imp (D:11)
  2 oozes
  A worm (D:2)
  4 dart slugs
  3 giant geckos
  50 orcs
  6 giant cockroaches
  4 goblins
  5 hobgoblins
  21 jackals
  8 kobolds
  7 quokkas
  3 ball pythons
  8 bats
  5 giant newts
  8 rats
  2 plants (Sewer)
417 creatures vanquished.

Vanquished Creatures (collateral kills)
  A manticore (D:11)
  A water moccasin (D:11)
  A sky beast (D:11)
3 creatures vanquished.

Vanquished Creatures (others)
  3 slaves (D:8)
  An ogre (Orc:2)
  An adder (D:11)
  A starspawn tentacle segment (Abyss:3)
6 creatures vanquished.

Grand Total: 426 creatures vanquished

Notes
Turn   | Place    | Note
--------------------------------------------------------------
     0 | D:1      | tes3 the Demonspawn Berserker began the quest for the Orb.
     0 | D:1      | Reached XP level 1. HP: 18/18 MP: 1/1
   107 | D:1      | Found a shattered altar of Ashenzari.
   154 | D:1      | Gained mutation: You have a pair of small horns on your head. [demonic ancestry]
   154 | D:1      | Reached XP level 2. HP: 23/24 MP: 2/2
   508 | D:1      | Reached skill level 3 in Long Blades
   727 | D:2      | Gained mutation: You can translocate small distances at will. [potion of mutation]
   727 | D:2      | Gained mutation: You are agile. (Dex +2) [potion of mutation]
   727 | D:2      | Gained mutation: Scrolls take you a little longer to read. [potion of mutation]
   841 | D:2      | Gained mutation: You have a pair of horns on your head. [demonic ancestry]
   841 | D:2      | Reached XP level 3. HP: 24/29 MP: 3/3
  1014 | D:2      | Reached ** piety under Trog
  1760 | D:2      | Gained mutation: When hurt, damage is shared between your health and your magic reserves. [demonic ancestry]
  1760 | D:2      | Reached XP level 4. HP: 37/37 MP: 4/4
  1876 | D:3      | Found a white marble altar of Elyvilon.
  2003 | D:3      | Noticed an orc warrior
  2113 | D:2      | Killed an orc warrior
  2113 | D:2      | Reached skill level 4 in Long Blades
  2113 | D:2      | Reached XP level 5. HP: 22/42 MP: 2/5
  2966 | D:3      | Found an opulent altar of Gozag.
  3312 | D:5      | Entered Level 5 of the Dungeon
  3595 | D:5      | Gained mutation: You have a somewhat thin skeletal structure. (Dex +2, Stealth) [demonic ancestry]
  3595 | D:5      | Reached XP level 6. HP: 47/49 MP: 6/6
  3716 | D:5      | Noticed an orc warrior
  3860 | D:5      | Reached skill level 1 in Shields
  4005 | D:5      | Reached *** piety under Trog
  4172 | D:5      | Lost mutation: You can translocate small distances at will. [potion of cure mutation]
  4172 | D:5      | Lost mutation: Scrolls take you a little longer to read. [potion of cure mutation]
  4172 | D:5      | Lost mutation: You are agile. (Dex +2) [potion of cure mutation]
  4217 | D:5      | Killed an orc warrior
  4217 | D:5      | Reached XP level 7. HP: 19/55 MP: 1/7
  4545 | D:5      | Found a basalt altar of Yredelemnul.
  4753 | D:5      | Reached skill level 5 in Long Blades
  5019 | D:4      | Found a blossoming altar of Fedhas.
  5083 | D:4      | Reached skill level 5 in Fighting
  5261 | D:4      | Found a glowing silver altar of Zin.
  5262 | D:4      | Noticed an angel
  5403 | D:4      | Gained mutation: You have a pair of large horns on your head. [demonic ancestry]
  5403 | D:4      | Reached XP level 8. HP: 44/62 MP: 5/8
  5955 | D:6      | Noticed tstbtto's ghost (novice CeBe)
  5965 | D:6      | Gained mutation: You have large cloven feet. [potion of beneficial mutation]
  6031 | D:6      | Noticed Sigmund
  6040 | D:6      | Killed Sigmund
  6040 | D:6      | Reached skill level 6 in Long Blades
  6167 | D:6      | Found a glowing drain.
  6179 | D:6      | Reached **** piety under Trog
  6191 | Sewer    | Entered a sewer
  6896 | D:6      | Found a radiant altar of Vehumet.
  6978 | D:6      | Killed tstbtto's ghost
  6978 | D:6      | Reached skill level 5 in Armour
  6978 | D:6      | Gained mutation: You regenerate a little health from kills. [demonic ancestry]
  6978 | D:6      | Reached XP level 9. HP: 63/69 MP: 5/9
  7401 | D:7      | Found a staircase to the Ecumenical Temple.
  7410 | D:7      | Reached skill level 7 in Long Blades
  7704 | D:7      | Noticed a cyclops
  7731 | D:7      | Killed a cyclops
  7731 | D:7      | Reached skill level 5 in Dodging
  7731 | D:7      | Reached skill level 1 in Evocations
  7734 | D:7      | Reached skill level 8 in Long Blades
  8285 | D:8      | Noticed Pikel
  8305 | D:8      | Killed Pikel
  8305 | D:8      | Gained mutation: You regenerate magic rapidly. [demonic ancestry]
  8305 | D:8      | Reached XP level 10. HP: 60/77 MP: 6/10
  8323 | D:8      | Reached ***** piety under Trog
  8431 | D:8      | Noticed Prince Ribbit
  8451 | D:8      | Found a staircase to the Lair.
  8607 | D:8      | Reached skill level 9 in Long Blades
  8700 | D:8      | Received a gift from Trog
  8790 | D:8      | Noticed an elephant
  8799 | D:8      | Killed an elephant
  8988 | D:8      | Noticed Psyche
  8997 | D:8      | Killed Psyche
  9143 | D:8      | Noticed Erolcha
  9149 | D:8      | Killed Erolcha
  9292 | D:8      | Killed Prince Ribbit
  9320 | D:8      | Found a sacrificial altar of Ru.
  9437 | D:8      | Reached skill level 10 in Long Blades
  9601 | D:9      | Found a staircase to the Orcish Mines.
  9672 | D:9      | Found a glowing golden altar of the Shining One.
  9854 | D:9      | Found a snail-covered altar of Cheibriados.
  9991 | D:10     | Entered Level 10 of the Dungeon
 10187 | D:10     | Noticed a manticore
 10196 | D:10     | Killed a manticore
 10390 | D:10     | Reached XP level 11. HP: 84/84 MP: 10/12
 10808 | D:11     | Noticed Grum
 10824 | D:11     | Killed Grum
 10955 | D:11     | Noticed Erica
 10958 | D:11     | Noticed a cyan ugly thing
 10971 | D:11     | Killed a cyan ugly thing
 10985 | D:11     | Killed Erica
 11307 | D:11     | Gained mutation: You possess an exceptional clarity of mind. [potion of mutation]
 11307 | D:11     | Gained mutation: Your spells are a little harder to cast, but a little more powerful. [potion of mutation]
 11307 | D:11     | Gained mutation: You are agile. (Dex +2) [potion of mutation]
 11379 | D:11     | Killed an unseen horror
 11616 | D:11     | Reached skill level 11 in Long Blades
 11809 | D:11     | Noticed a fire dragon
 11821 | D:11     | Killed a fire dragon
 11837 | D:11     | Gained mutation: You are very agile. (Dex +4) [mutagenic meat]
 11838 | D:11     | Gained mutation: You have hoof-like feet. [mutagenic meat]
 11839 | D:11     | Gained mutation: You are robust. (+10% HP) [mutagenic meat]
 12037 | D:8      | Received a gift from Trog
 12045 | D:8      | Got a crude long sword {god gift}
 12046 | D:8      | Identified the +12 long sword of Xuuxu {flame, rN+ Str+9 Dex-4} (Trog gifted it to you on level 8 of the Dungeon)
 12060 | Lair:1   | Entered Level 1 of the Lair of Beasts
 12576 | Lair:1   | Reached XP level 12. HP: 94/103 MP: 13/13
 12659 | Lair:1   | Gained mutation: You have very sharp teeth. [potion of beneficial mutation]
 13000 | Lair:2   | Noticed a seven-headed hydra
 13008 | Lair:1   | Killed a five-headed hydra
 13015 | Lair:2   | Reached skill level 12 in Long Blades
 13138 | Lair:2   | Found a hole to the Spider Nest.
 13665 | Lair:3   | Found a labyrinth entrance.
 13674 | Lab      | Entered a labyrinth
 14013 | Lab      | Noticed a minotaur
 14026 | Lab      | Killed a minotaur
 14425 | Lair:3   | Reached skill level 10 in Armour
 15171 | Orc:1    | Entered Level 1 of the Orcish Mines
 15171 | Orc:1    | Found Ysum's Magic Scroll Boutique.
 15189 | Orc:1    | Bought a scroll of blinking for 112 gold pieces
 15364 | Orc:2    | Entered Level 2 of the Orcish Mines
 15427 | Orc:2    | Noticed Sonja
 15441 | Orc:2    | Killed Sonja
 15457 | Orc:2    | Received a gift from Trog
 15457 | Orc:2    | Reached skill level 13 in Long Blades
 15615 | Orc:2    | Noticed an orc warlord
 15616 | Orc:2    | Noticed an orc high priest
 15617 | Orc:2    | Noticed an orc high priest
 15696 | Orc:2    | Noticed an ogre mage
 15701 | Orc:2    | Killed an ogre mage
 15731 | Orc:2    | Cast into level 3 of the Abyss (a distortion unwield)
 15748 | Abyss:3  | Noticed a starcursed mass
 15748 | Abyss:3  | Noticed a greater naga
 15748 | Abyss:3  | Noticed a starcursed mass
 15748 | Abyss:3  | Noticed a starcursed mass
 15762 | Abyss:3  | Noticed a tentacled starspawn
 15762 | Abyss:3  | Paralysed by an apocalypse crab for 5 turns
 15763 | Abyss:3  | HP: 5/105 [apocalypse crab (3)]
 15763 | Abyss:3  | Mangled by an apocalypse crab

Vault maps used:
D:1:      wheals_arrival_shading, evilmike_ruin_ashenzari
D:2:      first_bread, minmay_misc_feat_chi
D:3:      nicolae_overflow_crystal_walls, grunt_gozag_breadcrumbs,
          minmay_misc_feat_cross
D:4:      zin_angel, kennysheep_mini, small_statue_intersection
D:5:      lemuel_crystal_altar, serial_glass, glass_columns_a, glass_columns_b,
          glass_columns_c, glass_columns_c, glass_columns_b, glass_columns_a,
          glass_columns_a, glass_columns_b, glass_columns_b, glass_columns_a,
          glass_columns_a, glass_columns_a, glass_columns_c, glass_columns_a,
          guppyfry_early_orc_mine
D:6:      vehumet_crystals, portal_sewer_entry_a, uniq_sigmund
D:7:      wad_guarded_room, minmay_temple_entry_purple_smoke
D:8:      nicolae_ru_path_of_blood, david_lair_generic,
          hangedman_pestilent_swarm, uniq_pikel, uniq_erolcha,
          uniq_prince_ribbit1, uniq_psyche
D:9:      cheibriados_altar_1, lemuel_doored_altar, david_orc_3
D:11:     dragon1_lemuel, uniq_grum, uniq_erica
Lair:1:   minmay_lair_oklob_chamber, st_stairs_13
Lair:2:   dummy_spider_entry, grunt_megastairs_4, infiniplex_staircase_pool_2
Lair:3:   lemuel_reptile_caves, lab_entry_generic, lemuel_another_geyser
Orc:1:    serial_shops, shop
Orc:2:    st_orc_congregation, mines4_lemuel, uniq_azrael, uniq_sonja
Abyss:3:  nicolae_abyss_rune_left_handed
Lab:      labyrinth_spiral, nicolae_lab_statue, nicolae_lab_t_cross,
          nicolae_lab_quarters, nicolae_lab_checkerboard
Sewer:    sewer_co_scattered_pipes

Skill      XL: |  1  2  3  4  5  6  7  8  9 10 11 12 |
---------------+-------------------------------------+-----
Long Blades    | 3 4 5 6 8 10 11 13 | 13.1
Dodging        | 2 3 4 5 6 7 |  7.0
Fighting       | 4 5 6 7 8 9 |  9.6
Armour         | 3 5 6 7 9 10 | 10.4
Shields        | 1 2 3 4 |  4.1
Evocations     | 1 |  1.7
Stealth        | |  0.6

Action                   |  1- 3 |  4- 6 |  7- 9 | 10-12 || total
-------------------------+-------+-------+-------+-------++-------
Melee: Falchion          |    98 |   124 |   434 |   313 ||   969
       Headbutt          |    11 |    30 |   103 |   166 ||   310
       Kick              |       |       |   112 |   154 ||   266
       Long sword        |       |       |       |   304 ||   304
       Scimitar          |       |       |       |    47 ||    47
       Bite              |       |       |       |    39 ||    39
Invok: Berserk           |     2 |     5 |     8 |     6 ||    21
       Trog's Hand       |       |     1 |     2 |     2 ||     5
       Brothers in Arms  |       |       |       |     1 ||     1
       Burn Spellbooks   |       |       |       |     1 ||     1
 Abil: Blink             |       |     2 |       |       ||     2
Evoke: Wand              |       |     2 |     3 |     4 ||     9
       Lamp of fire      |       |       |       |     1 ||     1
  Use: Potion            |     2 |     9 |     3 |    12 ||    26
       Scroll            |       |     7 |     6 |    17 ||    30
 Stab: Sleeping          |     1 |       |       |       ||     1
       Invisible         |       |     1 |       |     2 ||     3
  Eat: Chunk             |     4 |     6 |    19 |    16 ||    45
       Bread ration      |       |     1 |       |       ||     1
       Beef jerky        |       |     2 |     3 |     5 ||    10
       Fruit             |       |       |       |     6 ||     6
       Pizza             |       |       |       |     1 ||     1
       Meat ration       |       |       |       |     2 ||     2
Armor: Animal skin       |    20 |    12 |       |       ||    32
       Chain mail        |       |    44 |   158 |   274 ||   476
       Skin              |       |     9 |       |       ||     9
Dodge: Dodged            |    75 |    71 |   125 |   345 ||   616
Block: Buckler           |       |     9 |    73 |   357 ||   439
       Reflection        |       |       |       |     8 ||     8
